 Dungeon Crawl Stone Soup version 0.19-a0-1384-gbb462ca (webtiles) character file.

1425 4thArraOfDagon the Grappler (level 8, 2/67 HPs)
             Began as a Troll Ice Elementalist on Sept 3, 2016.
             Quit the game on level 6 of the Dungeon.
             The game lasted 00:06:25 (1249 turns).

4thArraOfDagon the Grappler (TrIE)                  Turns: 1249, Time: 00:06:25

Health: 2/67       AC:  5    Str: 17    XL:     8   Next: 44%
Magic:  8/8        EV: 10    Int: 13    God:
Gold:   228        SH:  0    Dex: 10    Spells: 1 memorised, 8 levels left

rFire  . . .     SeeInvis .       - Unarmed
rCold  . . .     Gourm    +     a - +0 robe
rNeg   . . .     Faith    .     (no shield)
rPois  .         Spirit   .     (helmet restricted)
rElec  .         Dismiss  .     (no cloak)
rCorr  .         Reflect  .     (gloves unavailable)
MR     .....     Harm     .     (boots unavailable)
Stlth  +......... Rnd*Tele +    (no amulet)
                                (no ring)
                                (no ring)

@: no status effects
A: unfitting armour, claws 3, blurry vision 1, fast metabolism 3, gourmand,
sense surroundings 1, regeneration 1, shaggy fur 1, teleportitis 1, tough skin 2
a: no special abilities


You were on level 6 of the Dungeon.
You were very hungry.

You visited 1 branch of the dungeon, and saw 7 of its levels.

You collected 228 gold pieces.

Inventory:

Armour
 a - a +0 robe (worn)
Scrolls
 d - 6 scrolls of recharging {unknown}
 e - 2 scrolls of remove curse {unknown}
 f - 2 scrolls of magic mapping
 g - a scroll of fog {unknown}
 h - a scroll of blinking {unknown}
 i - 2 scrolls of identify {unknown}
Potions
 j - a potion of heal wounds {unknown}
Books
 b - a book of Frost

   Spells                             Type                      Level
   a - Freeze                         Ice                          1
   b - Throw Frost                    Conjuration/Ice              2
   c - Ozocubu's Armour               Charms/Ice                   3
   d - Throw Icicle                   Conjuration/Ice              4
   e - Summon Ice Beast               Ice/Summoning                4
Comestibles
 c - 4 bread rations
 k - 2 meat rations


   Skills:
 - Level 1.5 Dodging
 - Level 1.1 Stealth
 * Level 10.3 Unarmed Combat
 - Level 1.2 Spellcasting
   Level 0.6 Conjurations
 - Level 2.1 Ice Magic


You had 8 spell levels left.
You knew the following spells:

 Your Spells              Type           Power        Failure   Level  Hunger
a - Freeze                Ice            #...         12%         1    ##.....


Dungeon Overview and Level Annotations

Branches:
Dungeon (7/15)             Temple (0/1) D:7

Altars:

Shops:
D:7 [

Annotations:
D:6 Amnesiac's ghost, novice DENe; Blork the orc
D:7 shnurlf's ghost, novice HOFi


Innate Abilities, Weirdness & Mutations

You are too large for most types of armour.
You have claws for hands.
Your metabolism is lightning-fast.
You like to eat raw meat.
Your natural rate of healing is unusually fast.
You are covered in fur. (AC +1)
You have very tough skin. (AC +2)
Scrolls take you a little longer to read.
You passively map a small area around you.
You are occasionally teleported next to monsters.


Message History

You closely miss Blork the orc.
Blork the orc is moderately wounded.
Blork the orc hits you with a halberd of protection.
* * * LOW HITPOINT WARNING * * *
Unknown command.
You closely miss Blork the orc.
Blork the orc is moderately wounded.
Blork the orc zaps a wand.
The puff of flame hits you!
* * * LOW HITPOINT WARNING * * *
Unknown command.
You scratch Blork the orc. Your claw misses Blork the orc.
Blork the orc is moderately wounded.
Blork the orc zaps a wand.
The puff of flame hits you!
* * * LOW HITPOINT WARNING * * *
Blork the orc screams, "I'm going to kill you!"
Blork the orc gestures at you while chanting.
The puff of frost misses you.
Are you sure you want to abandon this character and quit the game? (Confirm with "yes".)
Okay, then.
Are you sure you want to abandon this character and quit the game? (Confirm with "yes".)

..# ##### #....#####. , #.#
##...## * * #..........
##.#####.....### * #...** * #.
.....##....... * #..# #.
#.##.##.....###* #..#######.
.#.##.##.###...##.#####..<.....#.
.....≈.....##.##.#..o....#####o#.
...##.##.#......###.###..# #.#. .
, #.##.####.##@#.## #.>#####.#.
.....# *#.###o## #..W..W..Z. ,
....... ..# ### #...####.##
,....#### #### #...# #.# ..####
#....,,..# #.. #........# ,
#......... #....#.).. *
##..###...,


You could see Blork the orc.

Vanquished Creatures
  Menkaure (D:6)
  A water moccasin (D:6)
  3 ice beasts
  A black bear (D:6)
  2 sky beasts
  2 phantoms (D:6)
  A giant frog (D:6)
  A howler monkey (D:6)
  A crimson imp (D:6)
  2 hounds
  3 orc wizards (D:3)
  3 orc priests (D:3)
  2 adders
  2 shadow imps (D:6)
  2 worms
  A giant gecko (D:4)
  12 orcs
  2 giant cockroaches
  2 hobgoblins
  10 jackals
  10 kobolds
  10 bats
  A giant gecko skeleton (D:5)
  2 giant newts
  3 goblins
  A rat (D:2)
81 creatures vanquished.

Notes
Turn   | Place    | Note
-------+----------+-------------------------------------------
     0 | D:1      | 4thArraOfDagon the Troll Ice Elementalist began the quest for the Orb.
     0 | D:1      | Reached XP level 1. HP: 16/16 MP: 1/1
    45 | D:2      | Reached skill level 1 in Unarmed Combat
   118 | D:3      | Reached XP level 2. HP: 24/24 MP: 2/2
   166 | D:3      | Reached skill level 2 in Unarmed Combat
   269 | D:2      | Reached XP level 3. HP: 27/31 MP: 3/3
   377 | D:3      | Reached skill level 3 in Unarmed Combat
   401 | D:3      | Reached XP level 4. HP: 27/39 MP: 4/4
   479 | D:3      | Reached skill level 4 in Unarmed Combat
   500 | D:3      | Reached skill level 5 in Unarmed Combat
   500 | D:3      | Reached XP level 5. HP: 32/45 MP: 5/5
   628 | D:4      | Reached skill level 6 in Unarmed Combat
   628 | D:4      | Reached XP level 6. HP: 48/53 MP: 6/6
   664 | D:5      | Entered Level 5 of the Dungeon
   669 | D:5      | Noticed an ice beast
   691 | D:5      | Killed an ice beast
   707 | D:5      | Noticed a sky beast
   719 | D:5      | Killed a sky beast
   719 | D:5      | Reached skill level 7 in Unarmed Combat
   780 | D:6      | Noticed a water moccasin
   785 | D:6      | Gained mutation: You are occasionally teleported next to monsters. [potion of mutation]
   785 | D:6      | Gained mutation: Scrolls take you a little longer to read. [potion of mutation]
   785 | D:6      | Gained mutation: You passively map a small area around you. [potion of mutation]
   801 | D:6      | Killed a water moccasin
   801 | D:6      | Reached XP level 7. HP: 34/59 MP: 7/7
   805 | D:6      | Reached skill level 8 in Unarmed Combat
   909 | D:6      | Noticed Menkaure
   926 | D:6      | Killed Menkaure
   951 | D:6      | Reached skill level 9 in Unarmed Combat
  1002 | D:6      | Reached XP level 8. HP: 40/67 MP: 8/8
  1060 | D:7      | Found Munucwye's Antique Armour Boutique.
  1179 | D:6      | Reached skill level 10 in Unarmed Combat
  1192 | D:6      | Noticed Amnesiac's ghost (novice DENe)
  1209 | D:6      | Noticed Blork the orc
  1225 | D:7      | Noticed a troll
  1225 | D:7      | Noticed shnurlf's ghost (novice HOFi)
  1248 | D:6      | HP: 2/67 [Blork the orc/wand of flame (5)]
  1249 | D:6      | Quit the game

Vault maps used:
D:1:      tarquinn_simple_flora_water_e
D:2:      first_bread
D:4:      serial_shops, shop_fountains
D:5:      nicolae_dithmenos_shadow_blocks
D:6:      uniq_menkaure, uniq_blork_the_orc
D:7:      serial_shops, shop, grunt_livestock, guppyfry_early_elven_hall

Skill      XL: |  1  2  3  4  5  6  7  8 |
---------------+-------------------------+-----
Unarmed Combat | 1 2 3 5 6 7 9 10 | 10.3
Dodging        | |  1.5
Stealth        | |  1.1
Spellcasting   | |  1.2
Conjurations   | |  0.6
Ice Magic      | |  2.1

Action                   |  1- 3 |  4- 6 |  7- 9 || total
-------------------------+-------+-------+-------++-------
Melee: Unarmed           |   135 |   110 |    91 ||   336
       Punch             |     2 |     3 |     1 ||     6
  Use: Potion            |       |     2 |     1 ||     3
       Scroll            |       |       |     1 ||     1
 Stab: Sleeping          |       |       |     1 ||     1
  Eat: Chunk             |       |     8 |       ||     8
Armor: Robe              |   103 |    50 |    16 ||   169
Dodge: Dodged            |   128 |    51 |    44 ||   223
